[ PARTIDA AOE2 · #478188294 ]
UnrankedEtíopes vs Muisca
[ ANÁLISIS DE REPETICIÓN · EXTRAÍDO DE LA PARTIDA GRABADA ]
Feudal
—
Castillos
—
Imperial
—
| APM promedio | 22.1 |
| APM pico | 35 |
| eAPM promedio | 8.4 |
| Aldeanos / militares | 2 / 0 |
Foco
⚔️ 25.0% · 🌾 75.0%
Feudal
—
Castillos
—
Imperial
—
| APM promedio | 46.8 |
| APM pico | 61 |
| eAPM promedio | 10.7 |
| Aldeanos / militares | 5 / 0 |
Foco
⚔️ 0.0% · 🌾 100.0%
Feudal
—
Castillos
—
Imperial
—
| APM promedio | 53.7 |
| APM pico | 93 |
| eAPM promedio | 4.4 |
| Aldeanos / militares | 0 / 0 |
Foco
⚔️ 0.0% · 🌾 100.0%
Feudal
—
Castillos
—
Imperial
—
| APM promedio | 30.5 |
| APM pico | 43 |
| eAPM promedio | 7.0 |
| Aldeanos / militares | 4 / 0 |
Foco
⚔️ 0.0% · 🌾 100.0%
Feudal
—
Castillos
—
Imperial
—
| APM promedio | 56.1 |
| APM pico | 70 |
| eAPM promedio | 11.3 |
| Aldeanos / militares | 3 / 0 |
Foco
⚔️ 20.0% · 🌾 80.0%
Feudal
—
Castillos
—
Imperial
—
| APM promedio | 29.9 |
| APM pico | 34 |
| eAPM promedio | 6.1 |
| Aldeanos / militares | 4 / 0 |
Foco
⚔️ 0.0% · 🌾 100.0%
Feudal
—
Castillos
—
Imperial
—
| APM promedio | 10.5 |
| APM pico | 16 |
| eAPM promedio | 5.5 |
| Aldeanos / militares | 0 / 0 |
Foco
⚔️ 0.0% · 🌾 100.0%
Feudal
—
Castillos
—
Imperial
—
| APM promedio | 17.1 |
| APM pico | 38 |
| eAPM promedio | 12.2 |
| Aldeanos / militares | 5 / 0 |
Foco
⚔️ 33.3% · 🌾 66.7%
Mapa de la partida
Recursos iniciales + cada clic de construcción. Líneas = muros · curvas = relieve. ◆ oro · ⬟ piedra · ● bayas · ✦ reliquia · ◌ hueco del cierre
Tu base
Base de TdB.victor2.01
Base de Qoo
Base de bad-playah
Base de vitroti
Base de FloAoE
Base de cavalier
Base de Dwight
Terreno inicial suavizado · ◌ = hueco del cierre detectado · pasá el cursor para detalles
Inputs por minuto
— Red Paladin - - TdB.victor2.01
Build order — Red Paladin
4 acciones detectadas en el replay
| 0:35 | Construir | Town Center |
| 0:53 | Construir | House |
| 2:46 | Crear | Villager (Male) |
| 2:46 | Crear | Villager (Male) |
Build order — TdB.victor2.01
8 acciones detectadas en el replay
| 0:22 | Construir | Town Center |
| 0:31 | Construir | Town Center |
| 2:34 | Construir | House |
| 2:47 | Crear | Villager (Male) |
| 2:47 | Crear | Villager (Male) |
| 2:47 | Crear | Villager (Male) |
| 2:48 | Crear | Villager (Male) |
| 2:48 | Crear | Villager (Male) |
Build order — Qoo
3 acciones detectadas en el replay
| 0:51 | Construir | Town Center |
| 1:45 | Construir | House |
| 1:48 | Construir | House |
Build order — bad-playah
6 acciones detectadas en el replay
| 0:12 | Construir | Town Center |
| 2:35 | Crear | Villager (Male) |
| 2:35 | Crear | Villager (Male) |
| 2:36 | Crear | Villager (Male) |
| 2:36 | Crear | Villager (Male) |
| 2:43 | Construir | House |
Build order — vitroti
6 acciones detectadas en el replay
| 0:05 | Construir | Town Center |
| 2:19 | Construir | House |
| 2:22 | Crear | Villager (Male) |
| 2:22 | Crear | Villager (Male) |
| 2:23 | Crear | Villager (Male) |
| 3:16 | Construir | House |
Build order — FloAoE
7 acciones detectadas en el replay
| 0:54 | Construir | Town Center |
| 1:47 | Construir | House |
| 2:54 | Crear | Villager (Male) |
| 2:55 | Crear | Villager (Male) |
| 2:55 | Crear | Villager (Male) |
| 2:56 | Crear | Villager (Male) |
| 3:06 | Construir | Mill |
Build order — cavalier
1 acciones detectadas en el replay
| 2:18 | Construir | Town Center |
Build order — Dwight
7 acciones detectadas en el replay
| 0:06 | Construir | House |
| 0:10 | Construir | Town Center |
| 2:20 | Crear | Villager (Male) |
| 2:20 | Crear | Villager (Male) |
| 2:21 | Crear | Villager (Male) |
| 2:21 | Crear | Villager (Male) |
| 2:21 | Crear | Villager (Male) |
Cronología de la partida
| 2:50 | cavalier · resign |
[ ANÁLISIS IA · 1 CRÉDITO ]
¿Qué pasó realmente en esta partida?
Wolo.gg analiza cada decisión: build order, eco, micro, errores típicos por bracket. Análisis personalizado por WhatsApp o Discord en 30 segundos.
Guía civ
Etíopes
Perfil
Jugador #727403